 Dungeon Crawl Stone Soup version 0.18.1-48-g4cf74bf (webtiles) character file.

61 Jonno22 the Covered (level 4, 0/35 HPs)
             Began as a Human Fighter on Aug 22, 2016.
             Was an Initiate of Zin.
             Succumbed to Faultline's ghost's poison
             ... on level 3 of the Dungeon.
             The game lasted 00:11:57 (1590 turns).

Jonno22 the Covered (Human Fighter)                 Turns: 1590, Time: 00:11:57

Health: 0/35       AC: 10    Str: 14 (17) XL:     4   Next: 27%
Magic:  4/4        EV:  7    Int:  5 (8)  God:    Zin [......]
Gold:   69         SH:  8    Dex: 11 (13) Spells: 0 memorised, 3 levels left

rFire  . . .     SeeInvis .     a - +0 long sword
rCold  . . .     Gourm    .     b - +0 scale mail
rNeg   . . .     Faith    .     c - +0 shield
rPois  .         Spirit   .     u - +2 helmet
rElec  .         Dismiss  .     (no cloak)
rCorr  .         Reflect  .     (no gloves)
SustAt .         Harm     .     (no boots)
MR     .....                    l - amulet of rage
Stlth  ..........               (no ring)
                                (no ring)

@: lethally poisoned (0 -> -26), not resistant to hostile enchantments,
extremely unstealthy
A: no striking features
a: Donate Gold, Renounce Religion, Evoke Berserk Rage


You were on level 3 of the Dungeon.
You worshipped Zin.
Zin was noncommittal.
You were not hungry.

You visited 1 branch of the dungeon, and saw 3 of its levels.

You collected 76 gold pieces.
You donated 7 gold pieces to Zin.

Inventory:

Hand Weapons
 a - a +0 long sword (weapon)
 g - a +0 hunting sling
Missiles
 e - 39 bolts
 m - 27 arrows
 n - 8 tomahawks (quivered)
 s - 5 needles of sleeping
Armour
 b - a +0 scale mail (worn)
 c - a +0 shield (worn)
 u - a +2 helmet (worn)
Jewellery
 l - an amulet of rage (around neck)
 t - a cursed -4 ring of protection {unknown}
Scrolls
 k - 2 scrolls of identify
 o - a scroll of enchant weapon {unknown}
 p - a scroll of remove curse {unknown}
 r - a scroll of noise {unknown}
Potions
 d - 2 potions of might
 h - 3 potions of flight
 q - a potion of degeneration
Comestibles
 f - 2 bread rations
 j - a slice of pizza


   Skills:
 + Level 3.4 Fighting
 + Level 2.3 Long Blades
 + Level 3.6 Armour
 + Level 1.0 Dodging
 + Level 3.4 Shields


You had 3 spell levels left.
You didn't know any spells.

Dungeon Overview and Level Annotations

Branches:
Dungeon (3/15)

Altars:
Fedhas
Zin

Annotations:
D:3 Faultline's ghost, amateur DgFi


Message History

You hit the hound.
The hound is severely wounded.
You feel very sick.
You block the hound's attack. x2; You block Faultline's ghost's attack.
You barely miss the hound.
The hound is severely wounded.
* * * LOW HITPOINT WARNING * * *
You feel very sick. You block the hound's attack. Faultline's ghost hits you.
* * * LOW HITPOINT WARNING * * *
The hound pauses to sniff the ground.
The hound bites you but does no damage.
It was a potion of degeneration.
There was something very wrong with that liquid.
You feel weakened.
You feel dopey.
You feel clumsy.
* * * LOW HITPOINT WARNING * * *
You feel very sick. The hound closely misses you.
Faultline's ghost barely misses you. The hound barely misses you.
You die...

#.. ########.#
.#.######........#
............###########.
#.......###..#........<.
#.......# ##.........###
.......## ###..).......
........# ##.$†.......
........# ##...........
#.......####....@....#..
#.........##...h.....#
#......#........W....#
..##........>.....(..#
..##.................#
..##...................
#......................#
....#...................
...####....#...........S


You could see a hound and Faultline's ghost.

Vanquished Creatures
  A worker ant (D:3)
  2 oozes
  A dart slug (D:2)
  A giant cockroach (D:2)
  5 hobgoblins
  A kobold (D:1)
  A quokka (D:2)
  6 bats
  4 giant newts (D:2)
  4 goblins
  2 rats
28 creatures vanquished.

Notes
Turn   | Place    | Note
--------------------------------------------------------------
     0 | D:1      | Jonno22 the Human Fighter began the quest for the Orb.
     0 | D:1      | Reached XP level 1. HP: 18/18 MP: 1/1
   104 | D:1      | Reached XP level 2. HP: 24/24 MP: 2/2
   934 | D:2      | Reached XP level 3. HP: 26/29 MP: 3/3
  1022 | D:2      | Found a blossoming altar of Fedhas.
  1300 | D:2      | Found a glowing silver altar of Zin.
  1305 | D:2      | Became a worshipper of Zin the Law-Giver
  1573 | D:3      | Reached skill level 1 in Dodging
  1573 | D:3      | Reached XP level 4. HP: 26/35 MP: 4/4
  1578 | D:3      | Noticed Faultline's ghost (amateur DgFi)
  1590 | D:3      | Succumbed to Faultline's ghost's poison

Skill      XL: |  1  2  3 |
---------------+----------+-----
Dodging        | 1 |  1.0
Fighting       | |  3.4
Long Blades    | |  2.3
Armour         | |  3.6
Shields        | |  3.4

Action                   |  1- 3 |  4- 6 || total
-------------------------+-------+-------++-------
Melee: Long sword        |    95 |     5 ||   100
Throw: Tomahawk          |     3 |       ||     3
  Use: Scroll            |     1 |     1 ||     2
       Potion            |       |     1 ||     1
  Eat: Royal jelly       |     1 |       ||     1
Armor: Scale mail        |    51 |     9 ||    60
Dodge: Dodged            |    39 |    10 ||    49
Block: Shield            |    53 |     8 ||    61
